Map: Wzgórza Doraelus

Players

HAJPER - Winner!

  • Race: Zerg Zerg

Retsech - Winner!

  • Race: Terran Terran

Gracz - Winner!

  • Race: Terran Terran

SI 3 (Łatwa)

  • Race: Zerg Zerg

SI 4 (Łatwa)

  • Race: Protoss Protoss

SI 5 (Łatwa)

  • Race: Zerg Zerg

VOD

Have the link to the VOD?

Description

Time

  • Played on: Feb. 18, 2016, 1:27 p.m.
  • Length: 22:47
Show
View Real Time Build Order
Export as new Build Order

HAJPER Zerg - Winner!

Build Orders: Pool First 

Get SALT Encoding   

  12  0:03  Drone  
  13  0:08  Drone  
  14  0:18  Overlord  
  14  0:35  Spawning Pool  
  13  0:41  Drone  
  14  0:45  Drone  
  16  1:11  Drone  
  16  1:18  Hatchery  
  16  1:22  Queen  
  17  1:26  Zergling x4  
  19  1:34  Overlord  
  19  1:45  Drone  
  20  1:57  Queen  
  20  1:58  Drone  
  23  2:21  Extractor  
  22  2:24  Extractor  
  21  2:30  Queen  
  21  2:31  Drone  
  24  2:37  Overlord x4  
  24  2:47  Drone x2  
  24  2:50  Drone  
  27  2:53  Drone  
  28  3:05  Drone  
  29  3:06  Drone  
  30  3:13  Drone x3  
  33  3:27  Lair  
  33  3:32  Evolution Chamber  
  32  3:37  Roach Warren  
  32  3:40  Drone  
  32  4:05  Drone x3  
  32  4:06  Drone x3  
  38  4:11  Extractor  
  38  4:17  Zerg Missile Weapons Level 1  
  37  4:24  Tunneling Claws  
  37  4:29  Drone  
  37  4:30  Drone x2  
  40  4:39  Drone  
  41  5:00  Overlord x4  
  39  5:40  Roach x2  
  39  5:41  Roach x11  
  54  6:44  Glial Reconstitution  
  54  7:01  Ravager  
  55  7:16  Roach  
  55  7:17  Roach x5  
  67  7:26  Hatchery  
  66  7:32  Spire  
  66  7:36  Infestation Pit  
  64  8:16  Ravager x5  
  64  8:17  Ravager x4  
  73  8:37  Spore Crawler  
  72  8:42  Spore Crawler  
  71  8:56  Mutalisk x2  
  75  9:07  Drone x2  
  75  9:08  Queen, Drone  
  80  9:15  Roach  
  80  9:16  Roach x5  
  92  9:41  Drone  
  92  9:42  Drone x2  
  95  9:51  Mutalisk  
  95  9:52  Mutalisk  
  99  9:55  Overlord  
  85  10:42  Roach  
  85  10:43  Roach x5  
  85  10:49  Roach  
  99  10:50  Roach x2  
  101  11:01  Ravager x3  
  106  11:04  Roach  
  106  11:27  Roach  
  106  11:29  Overlord  
  106  11:30  Overlord x3  
  108  12:07  Roach x7  
  108  12:08  Roach x6  
  134  12:28  Ravager  
  134  12:29  Ravager x5  
  140  12:32  Overlord x2  
  140  12:54  Roach x3  
  140  12:58  Queen  
  148  13:21  Overlord  
  148  13:22  Overlord x4  
  148  13:49  Mutalisk  
  148  13:50  Mutalisk x2  
  148  13:52  Mutalisk  
  148  13:53  Mutalisk x2  
  160  14:10  Mutalisk x3  
  160  14:11  Mutalisk  
  160  14:14  Roach  
  160  14:15  Roach x2  
  123  16:59  Mutalisk x6  
  123  17:01  Mutalisk x6  
  145  18:07  Hatchery  
  145  18:08  Hatchery x3  
  145  18:09  Hatchery  
  145  18:10  Hatchery  
  139  18:13  Hatchery x2  
  139  18:14  Hatchery x3  
  139  18:15  Hatchery  
  139  18:16  Hatchery x2  
  139  18:17  Hatchery x2  
Show
View Real Time Build Order
Export as new Build Order

Retsech Terran - Winner!

Build Orders: MMM Bio 

Get SALT Encoding   

  12  3:04  Supply Depot  
  12  3:06  Supply Depot  
  12  3:07  Supply Depot  
  12  3:10  Supply Depot, SCV  
  13  3:14  Supply Depot  
  13  3:22  SCV  
  14  3:34  SCV  
  15  3:46  SCV  
  16  3:58  SCV  
  17  4:06  Supply Depot  
  17  4:07  Refinery  
  17  4:22  Barracks  
  17  4:23  Barracks  
  17  4:33  Refinery  
  17  4:49  SCV  
  18  5:02  SCV  
  19  5:14  SCV  
  20  5:22  Barracks Tech Lab x2  
  20  5:26  SCV  
  21  5:37  Engineering Bay  
  21  5:38  SCV  
  22  5:47  Marine x2  
  24  5:57  Combat Shields  
  24  5:59  Stimpack  
  24  6:03  Orbital Command  
  24  6:05  Marine  
  24  6:06  Marauder  
  27  6:23  Marine  
  28  6:27  Marauder  
  30  6:41  Marine  
  31  6:48  Marine  
  32  6:59  Marauder  
  34  7:06  Marine  
  34  7:07  Terran Infantry Weapons Level 1  
  35  7:16  Concussive Shells  
  35  7:21  Marauder  
  37  7:24  Marine  
  38  7:40  Command Center  
  38  7:41  Marine  
  38  7:42  Marauder  
  41  7:59  Marine  
  41  8:03  Marauder  
  44  8:17  Marine  
  45  8:25  Marauder  
  47  8:35  Marine  
  48  8:45  Marine  
  49  8:51  Orbital Command  
  49  8:53  Marauder  
  51  9:01  Terran Infantry Armor Level 1  
  51  9:03  Marine  
  52  9:15  Marauder  
  54  9:40  Command Center  
  54  9:44  Marine  
  54  9:45  Marauder  
  57  10:16  Orbital Command  
  57  10:55  Hi-Sec Auto Tracking  
  57  11:52  Neosteel Frame  
  57  12:26  Orbital Command  
  57  12:30  Refinery  
  57  12:33  Refinery  
  57  13:11  Building Armor  
Show
View Real Time Build Order
Export as new Build Order

Gracz Terran - Winner!

Build Orders: Reaper Expand 

Get SALT Encoding   

  12  0:02  SCV  
  13  0:27  SCV  
  14  0:35  Supply Depot  
  14  0:39  SCV  
  15  0:53  Supply Depot  
  15  0:56  Supply Depot  
  15  0:59  Supply Depot  
  15  1:15  Barracks  
  15  1:18  Refinery  
  15  1:26  Refinery  
  15  1:27  SCV  
  16  1:39  SCV  
  17  1:59  SCV  
  18  2:11  Barracks, SCV  
  18  2:12  Barracks Reactor  
  19  2:55  Command Center  
  19  3:02  Barracks Tech Lab  
  19  3:13  Factory  
  19  3:21  Orbital Command  
  19  3:25  Reaper x2  
  21  4:18  Refinery  
  21  4:34  Factory Tech Lab  
  21  4:40  Factory  
  21  5:00  SCV  
  22  5:12  SCV  
  22  5:13  Starport  
  23  5:21  Starport  
  23  5:24  SCV  
  23  5:25  Starport  
  24  5:31  Factory Reactor  
  24  5:36  SCV  
  24  5:40  Starport  
  13  6:53  Starport Reactor  
  13  6:54  Starport Reactor  
  13  6:55  Starport Tech Lab  
  13  6:56  Starport Tech Lab  
  13  6:59  Marine x2  
  13  7:00  Marine  
  16  7:18  Marine  
  17  7:25  Banshee  
  17  7:26  Banshee  
  23  7:40  Medivac x2  
  27  7:52  Fusion Core  
  27  8:08  Banshee  
  30  8:26  Medivac  
  32  8:36  SCV  
  33  8:42  Refinery, SCV  
  33  8:45  Refinery  
  34  8:48  SCV  
  34  8:54  SCV  
  36  9:00  SCV  
  37  9:07  SCV  
  38  9:12  SCV  
  38  9:16  Marine x2  
  41  9:18  Reaper  
  42  9:24  SCV  
  42  9:25  SCV  
  44  9:37  SCV  
  45  9:49  SCV  
  46  9:57  Battlecruiser  
  52  10:01  Reaper  
  52  10:02  Reaper  
  44  10:56  Marine x2  
  44  10:57  Marine  
  43  11:15  Marine  
  41  11:29  Battlecruiser  
  41  11:30  Battlecruiser  
  53  12:41  Battlecruiser  
  59  12:46  Medivac  
  59  12:51  Marine x3  
  61  12:53  Hellion  
  61  12:56  Hellion x2  
  70  13:09  Marine x3  
  73  13:15  Hellion  
  73  13:17  Hellion x2  
  79  13:38  Hellion  
  79  13:39  Hellion  
  57  16:59  Battlecruiser x2  
  71  17:08  Supply Depot  
  71  17:12  Supply Depot  
  71  17:20  Medivac  
  70  18:04  Battlecruiser  
  82  18:25  Battlecruiser  
  82  19:08  Battlecruiser  
  88  19:29  Battlecruiser  
  94  20:12  Battlecruiser  
  100  20:33  Battlecruiser  
  106  21:05  Medivac x2  
  110  21:12  Viking x2  
  110  21:14  Supply Depot  
  114  21:38  Battlecruiser  
Show
View Real Time Build Order
Export as new Build Order

SI 3 (Łatwa) Zerg 

Build Orders: Pool First 

Get SALT Encoding   

  12  0:01  Drone  
  13  0:12  Overlord  
  13  0:16  Drone  
  14  0:30  Drone  
  14  0:34  Drone  
  16  0:43  Spawning Pool  
  16  0:44  Extractor  
  16  0:46  Drone  
  15  0:51  Drone  
  16  0:59  Overlord  
  16  1:31  Zergling x2, Queen  
  16  1:32  Roach Warren  
  18  1:34  Extractor  
  18  1:37  Drone  
  18  1:41  Drone  
  18  1:44  Zergling x2  
  20  1:55  Drone  
  21  2:05  Overlord  
  21  2:14  Drone  
  22  2:24  Drone  
  23  2:35  Drone  
  24  2:38  Roach  
  24  2:39  Drone  
  24  2:44  Drone  
  28  3:03  Roach, Ravager  
  31  4:18  Zergling x2  
  33  5:21  Roach  
  33  5:22  Overlord, Drone  
  33  5:23  Lair  
  33  5:26  Drone  
  35  5:33  Drone  
  36  5:40  Roach  
  36  5:42  Overlord  
  36  5:59  Roach  
  36  6:18  Zergling x2  
  37  6:21  Hydralisk Den, Overseer  
  37  6:22  Overseer  
  37  6:23  Drone  
  34  6:33  Hatchery  
  34  6:35  Drone  
  34  6:37  Roach  
  36  6:55  Hydralisk  
  38  7:13  Hydralisk  
  40  7:46  Drone  
  40  7:51  Drone  
  42  7:55  Drone  
  43  7:59  Drone  
  43  8:04  Extractor, Drone  
  44  8:08  Extractor, Drone  
  45  8:12  Drone  
  45  8:17  Drone  
  46  8:21  Drone  
  46  8:25  Drone  
  48  8:30  Drone  
  49  8:34  Drone  
  49  8:38  Drone  
  51  8:43  Drone  
  51  8:47  Drone  
  53  8:49  Overlord  
  53  8:52  Drone  
  54  8:56  Drone  
  54  9:01  Drone  
  56  9:05  Drone  
  57  9:10  Drone  
  57  9:14  Drone  
  59  9:19  Drone  
  59  9:20  Overlord  
  59  9:23  Drone  
  61  9:27  Drone  
  62  10:01  Hydralisk, Overseer, Pneumatized Carapace  
  62  10:04  Evolution Chamber  
  62  10:16  Zergling x2  
  51  10:28  Hydralisk  
  51  10:32  Zerg Melee Weapons Level 1  
  51  10:35  Overlord  
  53  10:42  Roach  
  55  10:54  Hydralisk  
  57  11:06  Overlord  
  57  11:07  Ravager  
  57  11:09  Roach  
  60  11:33  Hatchery  
  60  11:34  Roach, Ravager  
  62  12:26  Zerg Missile Weapons Level 1  
  62  12:48  Drone  
  63  12:52  Drone  
  63  12:56  Drone  
  65  13:00  Extractor  
  65  13:01  Drone  
  65  13:04  Extractor  
  65  13:05  Drone  
  65  13:10  Drone  
  66  13:14  Drone  
  67  13:51  Spire  
  67  13:52  Overlord, Drone  
  66  14:02  Overseer  
  52  15:01  Hydralisk  
  54  15:13  Mutalisk  
  57  15:34  Overlord  
  54  15:36  Evolution Chamber, Lair  
  49  15:51  Mutalisk  
  49  15:53  Evolution Chamber  
  46  15:58  Overlord  
  46  15:59  Spawning Pool, Drone  
  46  16:04  Drone  
  41  16:08  Drone  
  38  16:13  Drone  
  38  16:17  Drone  
  39  16:24  Overlord  
  37  16:34  Evolution Chamber  
  37  16:35  Drone  
  37  16:36  Overseer  
  37  16:46  Drone  
  38  16:49  Queen  
  40  16:55  Spire  
  40  16:56  Zergling x2  
  40  17:02  Zerg Ground Armor Level 1  
  40  17:08  Drone  
  41  17:17  Zergling x2  
  42  17:24  Hatchery  
  41  17:32  Zergling x2  
  42  17:46  Zergling x2  
  43  17:51  Extractor  
  43  17:54  Spire  
  43  17:56  Hatchery  
  40  18:00  Zergling x2  
  40  18:02  Roach Warren  
  40  18:06  Overlord  
  40  18:10  Hydralisk Den, Overseer  
  39  18:13  Infestation Pit  
  39  18:15  Zergling x2  
  39  18:24  Overlord  
  39  18:36  Drone  
  39  18:39  Hydralisk  
  39  18:41  Drone  
  42  18:45  Drone  
  42  18:47  Roach  
  45  18:50  Drone  
  46  18:56  Roach  
  45  19:05  Queen  
  45  19:07  Roach, Drone  
  44  19:12  Drone  
  47  19:21  Roach  
  39  19:36  Overseer  
Show
View Real Time Build Order
Export as new Build Order

SI 4 (Łatwa) Protoss 

Build Orders:  

Get SALT Encoding   

  12  0:01  Probe (Chrono Boost)  
  13  0:12  Probe (Chrono Boost)  
  14  0:20  Pylon  
  14  0:22  Probe (Chrono Boost)  
  15  0:38  Probe (Chrono Boost)  
  16  0:43  Assimilator  
  16  0:50  Gateway  
  16  0:53  Pylon  
  16  1:15  Assimilator  
  16  1:35  Zealot  
  16  1:39  Cybernetics Core  
  18  1:45  Probe (Chrono Boost)  
  19  1:57  Pylon  
  19  2:00  Probe (Chrono Boost)  
  20  2:08  Warp Gate  
  20  2:12  Probe (Chrono Boost)  
  20  2:14  Adept  
  24  2:23  Probe (Chrono Boost)  
  24  2:34  Probe (Chrono Boost)  
  25  2:39  Stalker  
  27  2:46  Probe (Chrono Boost)  
  28  3:07  Adept  
  30  4:10  Probe (Chrono Boost)  
  30  5:20  Probe (Chrono Boost), Zealot  
  33  5:26  Pylon  
  33  5:32  Probe (Chrono Boost)  
  34  5:36  Nexus  
  34  5:43  Stalker  
  34  5:45  Probe (Chrono Boost)  
  34  5:46  Robotics Facility  
  37  5:53  Pylon  
  38  5:57  Probe (Chrono Boost)  
  36  6:06  Stalker  
  32  6:29  Sentry  
  34  6:33  Observer  
  35  6:50  Probe (Chrono Boost)  
  35  6:52  Zealot  
  35  6:53  Probe (Chrono Boost)  
  38  6:54  Observer  
  40  7:03  Probe (Chrono Boost)  
  40  7:04  Probe (Chrono Boost)  
  40  7:05  Assimilator  
  40  7:08  Assimilator  
  41  7:14  Probe x2 (Chrono Boost)  
  43  7:15  Adept  
  45  7:25  Probe (Chrono Boost)  
  45  7:26  Probe (Chrono Boost)  
  47  7:36  Probe (Chrono Boost)  
  47  7:37  Probe (Chrono Boost)  
  49  7:38  Stalker  
  51  7:48  Probe (Chrono Boost)  
  51  7:49  Probe (Chrono Boost)  
  54  7:59  Probe x2 (Chrono Boost)  
  55  8:09  Probe (Chrono Boost)  
  55  8:10  Probe (Chrono Boost)  
  57  8:20  Probe (Chrono Boost)  
  57  8:21  Probe (Chrono Boost)  
  59  8:30  Probe (Chrono Boost)  
  59  8:31  Probe (Chrono Boost)  
  62  8:41  Probe (Chrono Boost)  
  62  8:42  Probe (Chrono Boost)  
  63  8:48  Pylon  
  63  8:51  Probe (Chrono Boost)  
  64  10:12  Warp Prism  
  64  10:20  Gateway  
  66  10:22  Twilight Council  
  66  10:24  Forge  
  66  10:27  Robotics Bay  
  66  10:31  Pylon  
  66  10:34  Stargate  
  66  10:35  Zealot  
  56  10:47  Observer  
  55  10:54  Protoss Ground Weapons Level 1  
  55  10:58  Stalker  
  57  11:04  Templar Archives  
  57  11:06  Warp Prism  
  59  11:11  Gateway  
  59  11:12  Gravitic Drive  
  59  11:13  Nexus  
  59  11:21  Stalker  
  61  11:45  High Templar  
  63  12:04  Observer Gravitic Boosters  
  63  12:08  High Templar  
  65  12:28  Probe (Chrono Boost)  
  66  12:33  Probe (Chrono Boost), High Templar, Archon  
  69  12:42  Protoss Ground Armor Level 1  
  69  12:57  High Templar  
  71  13:08  Assimilator  
  71  13:12  Assimilator  
  71  13:21  Archon  
  71  13:22  High Templar  
  73  13:45  High Templar  
  75  14:13  Archon  
  75  14:17  Protoss Air Weapons Level 1  
  75  14:24  Sentry  
  77  14:35  Zealot  
  79  14:45  Stalker  
  81  14:48  Pylon  
  79  14:53  Forge  
  79  14:55  Sentry  
  63  15:01  Immortal  
  61  15:16  Sentry  
  60  15:26  Sentry  
  62  15:34  Pylon  
  59  15:45  Templar Archives  
  58  16:03  Protoss Air Armor Level 1  
  53  16:19  Gateway  
  53  16:22  Forge  
  53  16:25  Pylon  
  51  16:41  Immortal  
  50  16:49  Pylon  
  50  16:50  Nexus  
  50  17:01  Pylon  
  42  17:04  Templar Archives, Stalker  
  34  17:15  Sentry  
  36  17:20  Warp Prism  
  38  17:26  Stargate  
  38  17:29  Stalker  
  40  17:30  Pylon  
  40  17:44  Zealot  
  32  17:53  Warp Prism  
  32  17:54  Sentry  
  32  17:57  Stargate  
  35  18:04  Stalker  
  34  18:13  Probe (Chrono Boost)  
  34  18:14  Pylon  
  34  18:19  Stalker  
  36  18:22  Nexus  
  32  18:28  Nexus  
  32  18:30  Sentry  
  33  18:38  Nexus  
  33  18:39  Phoenix  
  33  18:40  Templar Archives  
  33  18:44  Pylon  
  33  19:21  Pylon  
  32  19:24  Forge  
  32  19:29  Gateway  
  32  19:34  Probe (Chrono Boost)  
  34  19:38  Probe (Chrono Boost)  
  34  19:39  Pylon  
  34  19:43  Probe (Chrono Boost)  
  34  19:44  Assimilator  
  35  19:47  Assimilator, Probe (Chrono Boost)  
  35  19:52  Probe (Chrono Boost)  
  37  19:56  Probe (Chrono Boost)  
  38  20:01  Probe (Chrono Boost)  
  38  20:05  Probe (Chrono Boost)  
  40  20:09  Probe (Chrono Boost)  
  40  20:14  Probe (Chrono Boost)  
  42  20:18  Probe (Chrono Boost)  
  42  20:19  Gateway  
  43  20:22  Probe (Chrono Boost)  
  43  20:23  High Templar  
  43  20:27  Probe (Chrono Boost)  
  47  20:32  Probe (Chrono Boost)  
  47  20:35  Probe (Chrono Boost), Void Ray  
  49  20:40  Probe (Chrono Boost)  
  52  20:45  Probe (Chrono Boost)  
  46  20:52  High Templar  
  46  20:53  Probe (Chrono Boost)  
  42  20:58  Probe (Chrono Boost)  
  42  20:59  Pylon  
  42  21:03  Probe (Chrono Boost)  
  41  21:07  Probe (Chrono Boost)  
  43  21:11  Probe (Chrono Boost)  
  43  21:15  Probe (Chrono Boost)  
  43  21:16  Void Ray  
  44  21:19  Probe (Chrono Boost)  
  44  21:21  Gateway  
  44  21:24  Probe (Chrono Boost), Zealot  
  39  21:32  Probe (Chrono Boost)  
  39  21:35  Zealot  
  39  21:38  Probe (Chrono Boost)  
  29  21:41  Pylon  
  29  21:46  High Templar  
  25  21:49  Probe (Chrono Boost)  
Show
View Real Time Build Order
Export as new Build Order

SI 5 (Łatwa) Zerg 

Build Orders: Pool First 

Get SALT Encoding   

  12  0:01  Drone  
  13  0:12  Overlord  
  13  0:17  Drone  
  14  0:30  Drone  
  14  0:34  Drone  
  16  0:43  Spawning Pool  
  16  0:44  Extractor  
  16  0:46  Drone  
  15  0:51  Drone  
  16  0:58  Overlord  
  16  1:31  Zergling x2, Queen  
  16  1:32  Roach Warren  
  18  1:35  Drone  
  18  1:37  Zergling x2  
  18  1:38  Extractor  
  19  1:42  Drone  
  20  1:52  Zergling x2  
  21  2:03  Zergling x2  
  22  2:14  Zergling x2  
  23  2:24  Zergling x2  
  24  2:35  Overlord  
  24  2:37  Zergling x2  
  24  2:38  Drone  
  24  2:44  Zergling x2  
  27  2:47  Drone  
  28  2:57  Drone  
  29  3:08  Drone  
  31  3:12  Drone  
  31  3:13  Overlord  
  31  3:17  Drone  
  32  4:28  Zergling x2  
  32  5:35  Lair, Drone  
  33  5:37  Overlord  
  33  5:39  Drone  
  34  5:44  Drone  
  34  5:49  Hatchery  
  34  5:50  Drone  
  34  6:34  Overseer x2  
  34  6:37  Spire  
  34  6:38  Drone  
  34  6:45  Zergling x2  
  28  6:58  Zergling x2  
  29  7:02  Drone  
  29  7:06  Drone  
  31  7:10  Drone  
  31  7:11  Zergling x2  
  31  7:12  Extractor  
  31  7:14  Extractor, Drone  
  32  7:19  Drone  
  33  7:23  Drone  
  33  7:24  Zergling x2  
  33  7:27  Drone  
  36  7:32  Drone  
  36  7:36  Drone  
  38  7:40  Drone  
  39  7:45  Drone  
  39  7:49  Drone  
  41  7:51  Mutalisk  
  41  7:53  Drone  
  41  7:58  Drone  
  45  8:02  Drone  
  45  8:04  Mutalisk  
  48  8:06  Drone  
  48  8:11  Drone  
  50  8:15  Drone  
  50  8:17  Mutalisk, Overlord  
  50  8:19  Drone  
  54  8:26  Drone  
  55  8:31  Drone  
  56  8:35  Drone  
  56  8:39  Drone  
  58  8:44  Drone  
  59  10:03  Overlord, Pneumatized Carapace  
  59  10:04  Infestation Pit  
  59  10:05  Overseer  
  59  10:06  Hydralisk Den  
  57  10:10  Evolution Chamber  
  56  10:22  Overlord  
  56  10:27  Zergling x2  
  53  10:39  Zerg Melee Weapons Level 1  
  53  10:46  Hive  
  53  10:48  Hydralisk  
  55  11:10  Hydralisk  
  51  11:58  Overseer  
  51  12:02  Ultralisk Cavern  
  51  12:05  Overseer  
  51  12:06  Overseer, Overlord  
  50  12:20  Hatchery  
  49  12:24  Overlord  
  49  12:33  Zerg Missile Weapons Level 1  
  49  12:50  Ultralisk  
  55  13:11  Ultralisk  
  60  13:32  Zergling x2  
  61  13:34  Drone  
  61  13:39  Drone  
  63  13:43  Drone  
  63  13:48  Drone  
  65  13:52  Drone  
  66  13:57  Drone  
  66  14:02  Drone  
  68  14:06  Drone  
  68  14:11  Drone  
  68  14:19  Zergling x2  
  68  14:21  Overlord  
  68  14:22  Zerg Flyer Weapons Level 1  
  68  14:24  Mutalisk  
  68  14:27  Zerg Ground Armor Level 1  
  68  14:29  Mutalisk  
  66  14:34  Zergling x2  
  66  14:38  Overseer  
  57  14:39  Overseer  
  57  14:40  Zergling x2, Extractor  
  57  14:41  Overlord  
  55  14:45  Extractor  
  55  14:46  Zergling x2  
  55  14:50  Mutalisk  
  57  14:55  Mutalisk  
  59  15:00  Zergling x2  
  59  15:02  Overlord  
  59  15:04  Overseer  
  59  15:05  Zergling x2  
  61  15:10  Zergling x2  
  62  15:14  Zergling x2  
  62  15:19  Zergling x2  
  64  15:21  Overlord  
  64  15:23  Mutalisk  
  64  15:27  Mutalisk  
  68  15:32  Mutalisk  
  70  15:36  Mutalisk  
  72  16:01  Hydralisk  
  72  16:02  Overlord  
  74  16:06  Zergling x2  
  73  16:11  Zergling x2  
  73  16:16  Zergling x2  
  63  16:21  Zergling x2  
  62  16:25  Zergling x2  
  62  16:30  Zergling x2  
  54  16:34  Zergling x2  
  55  16:41  Evolution Chamber  
  55  16:45  Spawning Pool  
  41  17:28  Evolution Chamber  
  27  17:33  Spawning Pool  
  25  18:02  Hatchery  
  24  18:21  Queen  
  24  18:22  Zergling x2  
  24  18:23  Drone  
  28  18:33  Drone  
  29  18:40  Zergling x2, Hatchery  
  29  18:44  Drone  
  30  18:54  Drone  
  31  18:59  Extractor  
  31  19:00  Lair  
  30  19:05  Zergling x2  
  31  19:13  Extractor  
  31  19:14  Drone  
  31  19:18  Drone  
  32  19:24  Extractor  
  32  19:26  Drone  
  32  19:28  Extractor  
  31  19:31  Drone  
  31  19:36  Drone  
  33  19:41  Drone  
  33  19:45  Drone  
  35  19:50  Drone  
  35  19:51  Overlord  
  36  19:55  Drone  
  36  19:59  Drone  
  38  20:00  Overseer x2  
  38  20:03  Drone  
  39  20:08  Drone  
  39  20:12  Drone  
  39  20:16  Drone  
  39  20:21  Drone  
  41  20:25  Spire, Drone, Hatchery  
  41  20:27  Infestation Pit  
  38  20:30  Drone  
  38  20:34  Drone  
  40  20:38  Drone  
  41  20:43  Drone  
  41  20:45  Zergling x2  
  41  20:47  Drone  
  44  20:52  Drone  
  44  20:54  Overlord  
  44  20:56  Drone  
  45  21:00  Zergling x2, Drone  
  46  21:04  Hive  
  46  21:05  Drone  
  46  21:09  Drone  
  46  21:14  Drone  
  46  21:18  Drone  
  43  21:22  Drone  
  43  21:23  Overseer, Overlord  
  43  21:27  Drone  
  43  21:28  Zergling x2  
  45  21:36  Drone  
  45  21:41  Drone  
  45  21:43  Zergling x2  
  45  21:45  Drone  
  43  21:50  Drone  
  35  21:54  Drone  
  35  21:57  Zergling x2  
  35  21:58  Drone  
  37  22:03  Drone  
  37  22:06  Overlord  
  37  22:07  Drone  
  38  22:11  Zergling x2  
  38  22:12  Drone  
  36  22:16  Drone, Hatchery  
  36  22:17  Overseer  
  36  22:21  Drone  
  28  22:24  Overlord  
  28  22:25  Drone  
  28  22:26  Zergling x2  
  28  22:29  Drone  
  27  22:34  Drone  
Tags
 
Add a new tag
Caveats
  • Supply blocks, unpowered buildings, or Contaminate may cause inaccurate times.
  • Supply counts are checked every 10 seconds.